 Dungeon Crawl Stone Soup version 0.31.0-11-ge490571c62 (webtiles) character file.

Game seed: 4144016838544416977

10687 qw the Markself (level 11, 0/64 HPs)
             Began as a Deep Elf Hunter on Feb 3, 2024.
             Was a High Priest of Okawaru.
             Slain by an orc warrior
             ... wielding a +0 glaive
              (4 damage)
             ... on level 9 of the Dungeon.
             The game lasted 00:00:49 (7278 turns).

qw the Markself (Deep Elf Hunter)                   Turns: 7278, Time: 00:00:50

Health: 0/64       AC: 16    Str: 16    XL:     11   Next: 39%
Magic:  18/18      EV: 19    Int: 15    God:    Okawaru [*****.]
Gold:   571        SH:  5    Dex: 27    Spells: 10/10 levels left

rFire   + . .        s - +6 arbalest of the Magi {penet, *Slow Str+4 Dex+3}
rCold   + . .        (shield currently unavailable)
rNeg    . . .        h - +5 ring mail
rPois   .            (no helmet)
rElec   .            g - +2 cloak
rCorr   +            m - +2 pair of gloves of the Moon {rC+ rCorr Slay-5 SInv}
SInv    +            (no boots)
Will    +....        r - amulet of reflection
Stlth   ++           b - +6 ring of dexterity
HPRegen 0.30/turn    n - ring of protection from fire
MPRegen 0.16/turn

%: slow self (1%), reflection
@: about to teleport
A: no striking features
a: Renounce Religion, Heroism, Finesse, Duel


You were on level 9 of the Dungeon.
You worshipped Okawaru.
Okawaru was extremely pleased with you.
You visited 2 branches of the dungeon, and saw 10 of its levels.

You collected 636 gold pieces.
You spent 65 gold pieces at shops.


   Skills:
 - Level 6.2 Fighting
 - Level 18.5 Ranged Weapons
 - Level 2.1 Armour
 + Level 10.0 Dodging
 - Level 1.2 Stealth
 + Level 7.2 Invocations


You had 10 spell levels left.
You didn't know any spells.
Your spell library was empty.

Inventory:

Hand Weapons
 s - the +6 arbalest of the Magi (weapon) {penet, *Slow Str+4 Dex+3}
   (You found it on level 9 of the Dungeon)

   Str+4:     It affects your strength (+4).
   Dex+3:     It affects your dexterity (+3).
   *Slow:     It may slow you when you take damage.
Armour
 g - a +2 cloak (worn)
 h - a +5 ring mail (worn)
 m - the +2 pair of gloves of the Moon (worn) {rC+ rCorr Slay-5 SInv}
   (You acquired it on level 7 of the Dungeon)

   Slay-5:    It affects your accuracy & damage with ranged weapons and melee
   (-5).
   rC+:       It protects you from cold.
   SInv:      It lets you see invisible.
   rCorr:     It protects you from acid and corrosion.
Jewellery
 b - a +6 ring of dexterity (left hand)
 d - a +6 ring of strength
 n - a ring of protection from fire (right hand)
 q - a ring of willpower
 r - an amulet of reflection (around neck)
 Y - a ring of protection from cold
Wands
 i - a wand of digging (10)
 k - a wand of iceblast (2)
Scrolls
 c - a scroll of fog {unknown}
 j - a scroll of vulnerability {unknown}
 p - a scroll of identify
Potions
 e - 6 potions of curing
 f - 3 potions of enlightenment
 l - a potion of cancellation

Dungeon Overview and Level Annotations

Branches:
Dungeon (9/15)             Temple (1/1) D:6            Lair (0/5) D:9
    Orc (0/2) D:9

Altars:
Ashenzari
Cheibriados
Dithmenos
Elyvilon
Fedhas
Gozag
Hepliaklqana
Kikubaaqudgha
Makhleb
Nemelex Xobeh
Okawaru
Qazlal
Ru
Sif Muna
Uskayaw
Vehumet
Wu Jian
Xom
Yredelemnul
Zin

Shops:
D:4 *   D:7 **   D:9 (


Message History

You shoot a bolt. The bolt pierces through the troll!
The troll is moderately wounded.
The bolt barely misses the orc.
The bolt pierces through the orc wizard.
The orc wizard is lightly wounded.
The bolt pierces through the orc.
The orc is moderately wounded.
You block the troll's attack. The troll completely misses you.
The troll barely misses you. The orc warrior misses you.
The troll bites you but does no damage. The troll claws you but does no damage.
The troll claws you.
You shoot a bolt.
The bolt pierces through the troll but does no damage.
The troll is lightly wounded.
The bolt pierces through the orc!!
You kill the orc!
Okawaru accepts your kill.
The bolt pierces through the orc wizard but does no damage.
The orc wizard is lightly wounded.
The bolt pierces through the orc!!
You kill the orc!
Okawaru accepts your kill.
The orc warrior hits you from afar with a +0 glaive!
You block the troll's attack. The troll claws you but does no damage.
The troll barely misses you.
7277 ||| READING scroll of teleportation.
As you read the scroll of teleportation, it crumbles to dust.
You feel strangely unstable. The orc warrior completely misses you.
The troll bites you. The troll barely misses you.
The troll claws you but does no damage.
You shoot a bolt. The bolt pierces through the troll.
The troll is lightly wounded.
The bolt pierces through the orc wizard!
The orc wizard is almost dead.
The bolt pierces through the orc warrior!!
You kill the orc warrior!
Okawaru accepts your kill.
The bolt barely misses the orc.
The orc warrior hits you from afar with a +0 glaive.
You die...

##### #######
#.>.#########
......###...........#
##.......)..#######.#
#.##.......# ####.#
#.########.# #....#
##.# #.# #@#### ...#
#.####T# #..#
#.##.oo# #..#
##.##o#o### #..#
#~~~)..~~~# #
....~##'')##~# # ...
~#.....#~# # .
#.....#~# ## #
#.....#~#


You could see a troll, an orc warrior, an orc priest, an orc wizard (invisible)
and an orc.

Vanquished Creatures
  Erica (D:9)
  3 two-headed ogres (D:9)
  Pikel (D:8)
  5 unseen horror zombies (D:9)
  A troll (D:9)
  6 yaks (D:9)
  2 wyverns
  Grum (D:9)
  A steam dragon (D:8)
  A water moccasin (D:8)
  3 acid dragons (D:9)
  5 orc warriors (D:9)
  2 ice beasts (D:8)
  6 wolves (D:9)
  6 centaurs
  A lemure (D:8)
  3 bullfrogs
  A wyvern zombie (D:9)
  2 gnoll sergeants
  2 scorpions
  10 wights (D:7)
  A killer bee (D:9)
  3 howler monkeys
  4 electric eels (D:9)
  A centaur zombie (D:9)
  4 orc priests
  8 hounds
  2 bombardier beetles
  3 jellies (D:6)
  A sleepcap (D:5)
  4 iguanas
  5 orc wizards
  2 howler monkey zombies (D:9)
  13 gnolls
  5 adders
  3 white imps (D:5)
  A ribbon worm (D:2)
  5 dart slugs
  27 orcs
  9 endoplasms
  5 giant cockroaches
  8 goblins
  10 hobgoblins
  3 jackals (D:1)
  6 quokkas
  3 ball pythons
  7 bats
  A frilled lizard (D:2)
  8 kobolds
  5 rats
220 creatures vanquished.

Notes
Turn   | Place    | Note
-------+----------+-------------------------------------------
     0 | D:1      | qw the Deep Elf Hunter began the quest for the Orb.
     0 | D:1      | Reached XP level 1. HP: 12/12 MP: 3/3
     0 | D:1      | 0 ||| qw: Version: 0.3-a-157-g843a77d
     0 | D:1      | 0 ||| qw: Game counter: 3903
     0 | D:1      | 0 ||| qw: Melee chars always use a shield: true
     0 | D:1      | 0 ||| qw: God list: Okawaru
     0 | D:1      | 0 ||| qw: Allow faded altars: false
     0 | D:1      | 0 ||| qw: Do Orc after clearing Dungeon:15 true
     0 | D:1      | 0 ||| qw: Do second Lair branch before Depths: true
     0 | D:1      | 0 ||| qw: Lair rune preference: random
     0 | D:1      | 0 ||| qw: Goals: Normal
     0 | D:1      | 0 ||| PLANNING D:1-11
    64 | D:1      | Reached XP level 2. HP: 9/16 MP: 4/4
    70 | D:1      | Reached skill level 6 in Ranged Weapons
   499 | D:1      | Reached XP level 3. HP: 20/20 MP: 5/5
   526 | D:1      | 526 ||| UPGRADING to +2 cloak.
   531 | D:1      | 531 ||| UPGRADING to +0 ring mail.
   541 | D:1      | 541 ||| DROPPING +0 leather armour.
   542 | D:1      | 542 ||| READING scroll labelled LUITACK JISYPS.
   543 | D:1      | 543 ||| READING scroll labelled NAUPUME JICSAH.
   543 | D:1      | 543 ||| ENCHANTING +0 ring mail.
   544 | D:1      | 544 ||| READING scroll labelled RIEFEM MYOLI.
   545 | D:1      | 545 ||| READING scroll labelled OZOMOVVOYPY.
   546 | D:1      | 546 ||| DROPPING scroll of butterflies.
   779 | D:2      | Reached skill level 7 in Ranged Weapons
   835 | D:2      | Found a faded altar of an unknown god.
  1060 | D:2      | 1060 ||| DROPPING ring of magical power.
  1061 | D:2      | 1061 ||| READING 3 scrolls labelled HIOFEASUO ATYI.
  1061 | D:2      | 1061 ||| IDENTIFYING yellow potion
  1062 | D:2      | 1062 ||| READING 2 scrolls of identify.
  1062 | D:2      | 1062 ||| IDENTIFYING lumpy purple potion
  1063 | D:2      | 1063 ||| READING scroll of identify.
  1063 | D:2      | 1063 ||| IDENTIFYING murky dark potion
  1064 | D:2      | 1064 ||| READING 3 scrolls labelled BUTSIHU WAADISUCW.
  1069 | D:2      | 1069 ||| READING scroll labelled ATANNI JOAL.
  1070 | D:2      | 1070 ||| DRINKING 3 inky potions.
  1071 | D:2      | 1071 ||| DRINKING 3 murky green potions.
  1072 | D:2      | 1072 ||| DROPPING potion of lignification.
  1073 | D:2      | 1073 ||| DROPPING potion of degeneration.
  1074 | D:2      | 1074 ||| DROPPING 2 potions of brilliance.
  1076 | D:2      | 1076 ||| Stepping ~*~*~tactically~*~*~ (cloud).
  1164 | D:3      | Reached XP level 4. HP: 25/25 MP: 6/6
  1269 | D:3      | Reached skill level 8 in Ranged Weapons
  1338 | D:3      | Found an ornate altar of the Wu Jian Council.
  1503 | D:3      | HP: 2/25 [gnoll/+0 whip (5)]
  1504 | D:3      | Reached XP level 5. HP: 2/29 MP: 7/7
  1504 | D:3      | 1504 ||| READING 2 scrolls of teleportation.
  1507 | D:3      | 1507 ||| FLEEEEING.
  1508 | D:3      | 1508 ||| FLEEEEING.
  1509 | D:3      | 1509 ||| FLEEEEING.
  1510 | D:3      | 1510 ||| FLEEEEING.
  1511 | D:3      | 1511 ||| FLEEEEING.
  1512 | D:3      | 1512 ||| READING scroll of teleportation.
  1520 | D:3      | HP: 2/29 [gnoll/+0 whip (5)]
  1762 | D:3      | 1762 ||| UPGRADING to +6 ring of dexterity.
  1763 | D:3      | 1763 ||| READING scroll of identify.
  1763 | D:3      | 1763 ||| IDENTIFYING green potion
  1764 | D:3      | 1764 ||| READING scroll labelled IMEOGU MEJUIPT.
  1790 | D:4      | Reached skill level 3 in Dodging
  1973 | D:4      | Identified the +0 kite shield "Hiwyiteng" {rPois Will+
                  | Str+2}
  2044 | D:4      | Found a radiant altar of Vehumet.
  2086 | D:4      | Reached skill level 9 in Ranged Weapons
  2088 | D:4      | Found an ancient bone altar of Kikubaaqudgha.
  2172 | D:4      | Found Beqen's Neck Hole.
  2178 | D:4      | 2178 ||| SHOPLISTING amulet of faith (440 gold, have 217).
  2178 | D:4      | 2178 ||| SHOPLISTING amulet of reflection (330 gold, have
                  | 217).
  2178 | D:4      | 2178 ||| SHOPLISTING amulet of regeneration (330 gold, have
                  | 217).
  2178 | D:4      | 2178 ||| SHOPLISTING scarf of resistance (352 gold, have
                  | 217).
  2206 | D:4      | Reached XP level 6. HP: 35/35 MP: 8/8
  2465 | D:4      | Found a hide-covered altar of Uskayaw.
  2512 | D:4      | 2512 ||| UPGRADING to ring of protection from cold.
  2519 | D:5      | Entered Level 5 of the Dungeon
  2785 | D:5      | 2785 ||| READING scroll of enchant armour.
  2785 | D:5      | 2785 ||| ENCHANTING +1 ring mail.
  2856 | D:5      | Reached skill level 10 in Ranged Weapons
  2929 | D:5      | Found a burning altar of Makhleb.
  3065 | D:5      | Reached skill level 1 in Armour
  3072 | D:5      | Reached XP level 7. HP: 25/40 MP: 9/9
  3136 | D:5      | 3136 ||| SWAPPING to +0 orcbow.
  3137 | D:5      | 3137 ||| DROPPING +0 shortbow.
  3492 | D:5      | 3492 ||| READING scroll of identify.
  3492 | D:5      | 3492 ||| IDENTIFYING fizzy emerald potion
  3493 | D:5      | 3493 ||| DRINKING potion of experience.
  3493 | D:5      | Reached skill level 18 in Ranged Weapons
  3493 | D:5      | Reached XP level 8. HP: 44/44 MP: 10/10
  3494 | D:5      | 3494 ||| READING scroll labelled ESIROCR WUIN.
  3531 | D:6      | 3531 ||| STAIRDANCE
  3589 | D:6      | 3589 ||| FLEEEEING.
  3590 | D:6      | 3590 ||| FLEEEEING.
  3779 | D:6      | 3779 ||| RETREEEEATING.
  3784 | D:6      | Reached skill level 3 in Fighting
  3819 | D:6      | 3819 ||| READING scroll of enchant armour.
  3819 | D:6      | 3819 ||| ENCHANTING +2 ring mail.
  3900 | D:6      | Found a staircase to the Ecumenical Temple.
  3901 | D:6      | 3901 ||| PLANNING TEMPLE
  3901 | D:6      | 3901 ||| READING scroll of identify.
  3901 | D:6      | 3901 ||| IDENTIFYING bubbling puce potion
  3902 | D:6      | 3902 ||| READING scroll labelled SIMUFI HAPNIGG.
  3920 | D:6      | 3920 ||| FLEEEEING.
  3981 | D:6      | 3981 ||| READING scroll labelled WETSEO BUOKI.
  3981 | D:6      | 3981 ||| ENCHANTING +0 orcbow.
  3989 | Temple   | Entered the Ecumenical Temple
  3990 | Temple   | 3990 ||| PLANNING OKAWARU WORSHIP
  3997 | Temple   | Became a worshipper of Warmaster Okawaru
  3998 | Temple   | 3998 ||| PLANNING D:1-11
  4113 | D:6      | 4113 ||| STAIRDANCE
  4155 | D:6      | 4155 ||| STAIRDANCE
  4648 | D:6      | 4648 ||| READING scroll of identify.
  4648 | D:6      | 4648 ||| IDENTIFYING glowing blue potion
  4649 | D:6      | 4649 ||| DROPPING potion of attraction.
  4664 | D:7      | 4664 ||| STAIRDANCE
  4751 | D:7      | 4751 ||| STAIRDANCE
  4857 | D:7      | 4857 ||| STAIRDANCE
  4863 | D:7      | Reached XP level 9. HP: 50/50 MP: 11/11
  4887 | D:7      | Reached skill level 6 in Dodging
  4941 | D:7      | Reached * piety under Okawaru
  5082 | D:7      | Reached skill level 1 in Invocations
  5537 | D:7      | Found Waelirew's Specific Store.
  5539 | D:7      | Found Xuetoy's General Store.
  5549 | D:7      | 5549 ||| BUYING potion of heal wounds (65 gold).
  5549 | D:7      | Bought a potion of heal wounds for 65 gold pieces
  5669 | D:7      | 5669 ||| READING 3 scrolls of identify.
  5669 | D:7      | 5669 ||| IDENTIFYING scroll labelled TUOROLUCOU
  5670 | D:7      | 5670 ||| READING scroll of brand weapon.
  5670 | D:7      | 5670 ||| BRANDING +1 orcbow.
  5671 | D:7      | 5671 ||| READING 2 scrolls of identify.
  5671 | D:7      | 5671 ||| IDENTIFYING 2 scrolls labelled TIZ DIONUPS
  5671 | D:7      | Identified 2 scrolls of acquirement
  5672 | D:7      | 5672 ||| READING 2 scrolls of acquirement.
  5672 | D:7      | 5672 ||| ACQUIRING +2 pair of gloves of the Moon {rC+ rCorr
                  | Slay-5 SInv}
  5672 | D:7      | Acquired the +2 pair of gloves of the Moon {rC+ rCorr
                  | Slay-5 SInv}
  5674 | D:7      | 5674 ||| UPGRADING to +2 pair of gloves of the Moon {rC+
                  | rCorr Slay-5 SInv}.
  5679 | D:7      | 5679 ||| READING scroll of acquirement.
  5679 | D:7      | 5679 ||| ACQUIRING +3 arbalest of flaming
  5679 | D:7      | Acquired a +3 arbalest of flaming
  5681 | D:7      | 5681 ||| SWAPPING to +3 arbalest of flaming.
  5682 | D:7      | 5682 ||| DROPPING +1 orcbow of flaming.
  5711 | D:8      | Reached ** piety under Okawaru
  5712 | D:8      | Reached skill level 3 in Invocations
  5763 | D:8      | Noticed Pikel
  5763 | D:8      | 5763 ||| INVOKING Heroism.
  5764 | D:8      | 5764 ||| RETREEEEATING.
  5765 | D:8      | 5765 ||| RETREEEEATING.
  5771 | D:8      | 5771 ||| DRINKING potion of haste.
  5772 | D:8      | Killed Pikel
  5851 | D:8      | 5851 ||| READING scroll of enchant armour.
  5851 | D:8      | 5851 ||| ENCHANTING +3 ring mail.
  5919 | D:8      | 5919 ||| Stepping ~*~*~tactically~*~*~ (cloud).
  5922 | D:8      | Reached XP level 10. HP: 56/56 MP: 15/15
  6254 | D:8      | 6254 ||| UPGRADING to amulet of reflection.
  6259 | D:8      | 6259 ||| UPGRADING to ring of protection from fire.
  6261 | D:8      | 6261 ||| READING 2 scrolls of identify.
  6261 | D:8      | 6261 ||| IDENTIFYING scroll labelled KOMELAIGRIL
  6262 | D:8      | 6262 ||| DROPPING scroll of blinking.
  6293 | D:9      | Found a basalt altar of Yredelemnul.
  6316 | D:9      | Reached *** piety under Okawaru
  6399 | D:9      | Noticed Grum
  6400 | D:9      | 6400 ||| RETREEEEATING.
  6404 | D:9      | 6404 ||| RETREEEEATING.
  6407 | D:9      | Killed Grum
  6481 | D:9      | Found a flagged portal.
  6509 | D:9      | Noticed a two-headed ogre
  6516 | D:9      | 6516 ||| INVOKING Heroism.
  6517 | D:9      | Killed a two-headed ogre
  6517 | D:9      | Reached **** piety under Okawaru
  6518 | D:9      | Reached skill level 9 in Dodging
  6570 | D:9      | Found a broken altar of Ashenzari.
  6592 | D:9      | 6592 ||| RETREEEEATING.
  6594 | D:9      | 6594 ||| RETREEEEATING.
  6621 | D:9      | Reached ***** piety under Okawaru
  6711 | D:9      | Received a gift from Okawaru
  6724 | D:9      | Found a staircase to the Orcish Mines.
  6726 | D:9      | Found Qaxor's Weapon Boutique.
  6753 | D:9      | Noticed a two-headed ogre
  6754 | D:9      | 6754 ||| INVOKING Finesse.
  6761 | D:9      | Killed a two-headed ogre
  6761 | D:9      | Noticed Erica
  6762 | D:9      | Reached XP level 11. HP: 64/64 MP: 10/17
  6774 | D:9      | Killed Erica
  6775 | D:9      | Reached skill level 6 in Fighting
  6775 | D:9      | Reached skill level 6 in Invocations
  6780 | D:9      | Noticed a two-headed ogre
  6790 | D:9      | Killed a two-headed ogre
  6794 | D:9      | HP: 12/64 [electric eel/bolt of electricity (13)]
  6795 | D:9      | 6795 ||| READING 2 scrolls of teleportation.
  6795 | D:9      | HP: 1/64 [electric eel/bolt of electricity (11)]
  6796 | D:9      | 6796 ||| DRINKING potion of heal wounds.
  6799 | D:9      | 6799 ||| FLEEEEING.
  7011 | D:9      | Found a staircase to the Lair.
  7026 | D:9      | 7026 ||| READING scroll of enchant armour.
  7026 | D:9      | 7026 ||| ENCHANTING +4 ring mail.
  7233 | D:9      | Identified the +6 arbalest of the Magi {penet, *Slow Str+4
                  | Dex+3}
  7235 | D:9      | 7235 ||| SWAPPING to +6 arbalest of the Magi {penet, *Slow
                  | Str+4 Dex+3}.
  7236 | D:9      | 7236 ||| DROPPING +3 arbalest of flaming.
  7267 | D:9      | 7267 ||| RETREEEEATING.
  7268 | D:9      | 7268 ||| RETREEEEATING.
  7269 | D:9      | 7269 ||| RETREEEEATING.
  7270 | D:9      | 7270 ||| RETREEEEATING.
  7272 | D:9      | 7272 ||| RETREEEEATING.
  7273 | D:9      | 7273 ||| RETREEEEATING.
  7276 | D:9      | HP: 7/64 [orc warrior/+0 glaive (11)]
  7277 | D:9      | 7277 ||| READING scroll of teleportation.
  7278 | D:9      | Slain by an orc warrior

Levels and vault maps discovered:
D:1:      dpeg_arrival_leaves_temple_mockup, layout_rooms,
          minmay_misc_feat_enclosed, minmay_hedge_maze,
          dreamdust_princess_corridor
D:2:      minmay_evil_eye, layout_basic,
          dreamdust_ecumenical_altar_angels_and_demons, hangedman_decor_push
D:3:      layout_basic, mainiacjoe_overflow_small_starburst
D:4:      layout_loops_ring, kiku_gazebo_pond_becter,
          mainiacjoe_overflow_surrounded_room, nicolae_uskayaw_suspiria,
          nicolae_shop_sticking_my_neck_out
D:5:      layout_loops_corners, overflow_temple_1_default
D:6:      layout_loops_ring, minmay_temple_entry_hall, serial_rivers,
          chequers_serial_rivers_small_3, chequers_serial_rivers_micro_b,
          chequers_serial_rivers_micro_a, chequers_serial_rivers_small_a
D:7:      layout_loops_ring, dreamdust_mushroom_princess, nicolae_specific_store
D:8:      layout_basic, uniq_pikel
D:9:      layout_loops_ring, tso_altar, evilmike_ruin_ashenzari,
          nicolae_yredelemnul_corpse_copse, erik_lair_island, orc_david_3,
          enter_bailey_3, minmay_orc_keep, uniq_erica, uniq_grum
Temple:   hellmonk_temple_forest_ring

Skill      XL: |  1  2  3  4  5  6  7  8  9 10 11 |
---------------+----------------------------------+-----
Ranged Weapons | 6 7 8 9 10 18 | 18.5
Dodging        | 3 4 5 7 9 10 | 10.0
Fighting       | 2 3 4 5 6 |  6.2
Armour         | 1 2 |  2.1
Invocations    | 4 5 7 |  7.2
Stealth        | |  1.2

Action                     |  1- 3 |  4- 6 |  7- 9 | 10-12 || total
---------------------------+-------+-------+-------+-------++-------
   Fire: Shortbow          |   143 |   185 |       |       ||   328
         Orcbow            |       |       |   170 |       ||   170
         Arbalest          |       |       |    27 |   179 ||   206
 Invoke: Heroism           |       |       |     1 |     1 ||     2
         Finesse           |       |       |       |     1 ||     1
    Use: Scroll            |     9 |     5 |    13 |     4 ||    31
         Potion            |     2 |       |     2 |     1 ||     5
 Armour: Leather armour    |    14 |       |       |       ||    14
         Ring mail         |    13 |    60 |    29 |    73 ||   175
  Dodge: Dodged            |    34 |    52 |    42 |    87 ||   215
  Block: Other             |       |       |       |    25 ||    25
         Reflection        |       |       |       |     2 ||     2

Table legend:
 A = Non-vault XP
 B = Vault XP
 C = Vault XP percentage of total XP
 D = Non-vault monster count
 E = Vault monster count
 F = Vault count percentage of total count
                 A         B        C        D         E       F
            +---------+---------+-------+---------+---------+-------
      Total |    9169 |    5374 |  37.0 |     182 |      37 |  16.9
            +---------+---------+-------+---------+---------+-------
        D:1 |      42 |       0 |   0.0 |      22 |       0 |   0.0
        D:2 |      48 |       4 |   7.7 |      24 |       2 |   7.7
        D:3 |     142 |       0 |   0.0 |      20 |       0 |   0.0
        D:4 |     152 |       0 |   0.0 |       9 |       0 |   0.0
        D:5 |     517 |       0 |   0.0 |      16 |       0 |   0.0
        D:6 |     990 |       0 |   0.0 |      23 |       0 |   0.0
        D:7 |    1545 |       0 |   0.0 |      23 |       0 |   0.0
        D:8 |     800 |     685 |  46.1 |      12 |       1 |   7.7
        D:9 |    4933 |    4685 |  48.7 |      33 |      34 |  50.7
            +---------+---------+-------+---------+---------+-------
